 Dungeon Crawl Stone Soup version 0.31-a0-232-gb1c03b2570 (webtiles) character file.

Game seed: 8282683006869330627

359 qw the Shooter (level 6, -1/37 HPs)
             Began as a Gargoyle Hexslinger on July 7, 2023.
             Slain by an orc wizard
             ... wielding a +1 dagger of venom
              (5 damage)
             ... on level 4 of the Dungeon.
             The game lasted 00:01:08 (2368 turns).

qw the Shooter (Gargoyle Hexslinger)                Turns: 2368, Time: 00:01:08

Health: -1/37      AC: 12    Str: 11    XL:     6   Next: 65%
Magic:  7/7        EV: 10    Int: 14    God:
Gold:   72         SH:  0    Dex: 14    Spells: 6/7 levels left

rFire   . . .        Y - +1 sling
rCold   + . .        (no shield)
rNeg    + . .        e - +0 ring mail
rPois   inf          (no helmet)
rElec   +            d - +0 cloak
rCorr   +            (no gloves)
SInv    .            a - +1 pair of boots of Creativity {Contam rC+ rCorr Stlth+}
Will    .....        (no amulet)
Stlth   +            (no ring)
HPRegen 0.26/turn    (no ring)
MPRegen 0.10/turn

%: no passive effects
@: confused
A: sickness immunity, AC +4, negative energy resistance 1, electricity
resistance, torment resistance 1, petrification resistance
a: no special abilities


You were on level 4 of the Dungeon.
You visited 1 branch of the dungeon, and saw 4 of its levels.

You collected 72 gold pieces.


Innate Abilities, Weirdness & Mutations

You are immune to sickness and miasma.
Your stone body is resilient. (AC +4)
You are immune to poison.
You resist negative energy. (rN+)
You are resistant to electric shocks. (rElec)
You are resistant to unholy torment.
You are immune to petrification.


   Skills:
 - Level 3.5 Fighting
 + Level 5.9 Ranged Weapons
 - Level 1.1 Armour
 - Level 1.5 Dodging
 - Level 1.0 Spellcasting
 - Level 2.6 Hexes


You had 6 spell levels left.
You knew the following spells:

 Your Spells              Type           Power      Damage    Failure   Level
a - Slow                  Hex            32%        N/A       21%         1

Your spell library contained the following spells:

 Spells                   Type           Power      Damage    Failure   Level
 Inner Flame              Hex/Fire       4%         N/A       71%         3
 Portal Projectile        Hex/Tloc       8%         N/A       71%         3
 Cause Fear               Hex            4%         N/A       90%         4

Inventory:

Hand Weapons
 Y - a +1 sling (weapon)
Armour
 a - the +1 pair of boots of Creativity (worn) {Contam rC+ rCorr Stlth+}
   (You found it on level 2 of the Dungeon)

   rC:        It protects you from cold.
   Contam:    It causes magical contamination when unequipped.
   rCorr:     It protects you from acid and corrosion.
   Stlth:     It makes you more stealthy.
 d - a +0 cloak (worn)
 e - a +0 ring mail (worn)
Scrolls
 h - a scroll of identify
Potions
 c - a potion of degeneration {unknown}
 i - a potion of enlightenment {unknown}
 k - a potion of might {unknown}

Dungeon Overview and Level Annotations

Branches:
Dungeon (4/15)
 Temple: D:4-7

Altars:
Nemelex Xobeh

Shops:
D:2 [


Message History

The orc is severely wounded.
You hear some strange, mumbled words.
You are confused.
The orc barely misses you. Something hits you.
The orc hits you but does no damage. Something hits you but does no damage.
The orc hits you with a +0 club. Something hits you but does no damage.
The orc hits you with a +0 club. Something hits you but does no damage.
The orc hits you with a +0 club.
You feel less confused.
You hear some strange, mumbled words.
You are confused.
The orc hits you but does no damage. Something hits you but does no damage.
The orc hits you but does no damage.
You hear some strange, mumbled words.
A magic dart appears from out of thin air!
The magic dart hits you but does no damage.
The orc closely misses you. Something hits you but does no damage.
The orc hits you but does no damage.
You hear some strange, mumbled words.
You are more confused.
The orc hits you but does no damage. Something hits you.
The orc hits you with a +0 club.
You hear some strange, mumbled words.
A puff of flame appears from out of thin air!
The puff of flame hits you. The orc barely misses you.
Something hits you but does no damage. The orc hits you with a +0 club.
You hear some strange, mumbled words.
You are more confused.
The orc hits you but does no damage. Something hits you but does no damage.
The orc hits you with a +0 club. Something hits you but does no damage.
The orc barely misses you. Something hits you but does no damage.
The orc closely misses you. Something hits you.
The orc hits you but does no damage. Something hits you but does no damage.
The orc misses you.
You hear some strange, mumbled words.
A puff of flame appears from out of thin air!
The puff of flame hits you. The orc closely misses you. Something hits you.
The orc hits you with a +0 club. Something hits you.
You die...

#......#
#......######.
#.............
......$......
####...........
...............
#.....{o)....#
#@# #.# #.# #<#
#.# #.# #.# ...
###


You could see an orc.

Vanquished Creatures
  Grinder (D:3)
  A scorpion (D:3)
  An orc priest (D:3)
  An adder (D:3)
  2 worms (D:2)
  2 dart slugs
  4 orcs
  5 bats
  6 endoplasms
  4 giant cockroaches
  4 goblins
  2 hobgoblins
  A quokka (D:1)
  8 ball pythons
  3 frilled lizards
  10 kobolds
  4 rats
59 creatures vanquished.

Notes
Turn   | Place    | Note
-------+----------+-------------------------------------------
     0 | D:1      | qw the Gargoyle Hexslinger began the quest for the Orb.
     0 | D:1      | Reached XP level 1. HP: 12/12 MP: 2/2
     0 | D:1      | 0 ||| qw: Version: 0.3-a-46-gb1f654a
     0 | D:1      | 0 ||| qw: Game counter: 2356
     0 | D:1      | 0 ||| qw: Melee chars always use a shield: true
     0 | D:1      | 0 ||| qw: God list: Okawaru
     0 | D:1      | 0 ||| qw: Allow faded altars: false
     0 | D:1      | 0 ||| qw: Do Orc after clearing Dungeon:15 true
     0 | D:1      | 0 ||| qw: Do second Lair branch before Depths: true
     0 | D:1      | 0 ||| qw: Lair rune preference: random
     0 | D:1      | 0 ||| qw: Goals: Normal
     0 | D:1      | 0 ||| PLANNING D:1-11
    55 | D:1      | 55 ||| DROPPING scroll of poison.
   179 | D:1      | Reached XP level 2. HP: 16/16 MP: 3/3
   385 | D:1      | Reached skill level 3 in Ranged Weapons
   804 | D:1      | Reached XP level 3. HP: 14/21 MP: 4/4
   836 | D:1      | 836 ||| UPGRADING to +0 cloak.
   841 | D:1      | 841 ||| UPGRADING to +0 ring mail.
   851 | D:1      | 851 ||| DROPPING +0 robe.
   852 | D:1      | 852 ||| READING scroll labelled LIMEXKOEGA.
   899 | D:2      | Found Afaudoul's Antique Armour Shoppe.
   904 | D:2      | 904 ||| SHOPLISTING ancient robe (125 gold, have 7).
   904 | D:2      | 904 ||| SHOPLISTING helmet (99 gold, have 7).
   904 | D:2      | 904 ||| SHOPLISTING runed cloak (165 gold, have 7).
   904 | D:2      | 904 ||| SHOPLISTING runed ring mail (154 gold, have 7).
   934 | D:2      | Identified the +1 pair of boots of Creativity {Contam rC+
                  | rCorr Stlth+}
  1074 | D:2      | Reached skill level 1 in Armour
  1430 | D:2      | 1430 ||| UPGRADING to +1 pair of boots of Creativity
                  | {Contam rC+ rCorr Stlth+}.
  1482 | D:3      | Reached XP level 4. HP: 26/26 MP: 5/5
  1558 | D:3      | Noticed a water moccasin
  1580 | D:3      | Noticed Grinder
  1598 | D:3      | HP: 4/26 [Grinder (3)]
  1602 | D:3      | 1602 ||| FLEEEEING.
  1607 | D:3      | 1607 ||| FLEEEEING.
  1608 | D:3      | 1608 ||| FLEEEEING.
  1625 | D:3      | Paralysed by Grinder for 4 turns
  1625 | D:3      | HP: 6/26 [Grinder (2)]
  1627 | D:3      | HP: 2/26 [Grinder/nerve-wracking pain (4)]
  1631 | D:3      | Killed Grinder
  1632 | D:3      | Reached skill level 5 in Ranged Weapons
  1632 | D:3      | Reached XP level 5. HP: 4/30 MP: 6/6
  1632 | D:3      | Reached XP level 6. HP: 5/35 MP: 7/7
  1836 | D:3      | Found a sparkling altar of Nemelex Xobeh.
  1938 | D:3      | HP: 7/35 [orc priest/divine providence (12)]
  1944 | D:3      | HP: 9/36 [orc/+0 hand axe (1)]
  2163 | D:3      | Reached skill level 3 in Fighting
  2292 | D:3      | 2292 ||| READING scroll labelled TAIWOU QIAVUH.
  2295 | D:3      | 2295 ||| READING scroll labelled QILLIO IRISA.
  2296 | D:3      | 2296 ||| DRINKING 2 fizzy green potions.
  2297 | D:3      | 2297 ||| READING 2 scrolls of identify.
  2297 | D:3      | 2297 ||| IDENTIFYING fuming green potion
  2298 | D:3      | 2298 ||| DROPPING potion of ambrosia.
  2308 | D:4      | 2308 ||| STAIRDANCE
  2328 | D:4      | 2328 ||| DRINKING potion of curing.
  2328 | D:4      | 2328 ||| (to cure confusion)
  2366 | D:4      | HP: 8/37 [something/puff of flame (6)]
  2368 | D:4      | Slain by an orc wizard

Levels and vault maps discovered:
D:1:      dpeg_arrival_lava_temple_mockup, layout_rooms,
          serial_co_window_serial, co_window_paths_a, co_window_corner_a,
          co_window_paths_a, co_window_paths_b, co_window_paths_b,
          co_window_corner_a, co_window_paths_b, co_window_2corner,
          co_window_unsneaky_path_a, co_window_corner_cb, co_window_broadway_c
D:2:      layout_rooms, serial_shops, shop, interstate_on_off,
          grunt_ministairs_10
D:3:      layout_basic, nemelex_diamond_rough_becter, minivault_24,
          lightli_corner_chamber, uniq_grinder
D:4:      layout_basic, nicolae_qazlal_general_emergency,
          nicolae_ru_path_of_blood, serial_bayou_pond_e

Skill      XL: |  1  2  3  4  5  6 |
---------------+-------------------+-----
Ranged Weapons | 3 5 |  5.9
Fighting       | 2 3 |  3.5
Armour         | 1 |  1.1
Dodging        | |  1.5
Spellcasting   | |  1.0
Hexes          | |  2.6

Action                     |  1- 3 |  4- 6 || total
---------------------------+-------+-------++-------
   Fire: Sling             |   154 |   120 ||   274
    Use: Scroll            |     1 |     3 ||     4
         Potion            |       |     2 ||     2
 Armour: Robe              |     6 |       ||     6
         Ring mail         |    29 |    75 ||   104
  Dodge: Dodged            |    39 |    52 ||    91

Table legend:
 A = Non-vault XP
 B = Vault XP
 C = Vault XP percentage of total XP
 D = Non-vault monster count
 E = Vault monster count
 F = Vault count percentage of total count
                 A         B        C        D         E       F
            +---------+---------+-------+---------+---------+-------
      Total |     238 |     275 |  53.6 |      56 |       3 |   5.1
            +---------+---------+-------+---------+---------+-------
        D:1 |      35 |       0 |   0.0 |      21 |       0 |   0.0
        D:2 |      30 |       3 |   9.1 |      15 |       2 |  11.8
        D:3 |     167 |     272 |  62.0 |      18 |       1 |   5.3
        D:4 |       6 |       0 |   0.0 |       2 |       0 |   0.0
            +---------+---------+-------+---------+---------+-------
